Map: Ever Dream LE

Players

Geralt (Gerald) - Winner!

  • Race: Protoss Protoss
  • League: Grandmaster
  • Spawn Location: 1:00

BratOK (Brat_OK)

  • Race: Terran Terran
  • League: Grandmaster
  • Spawn Location: 7:00

Event: DreamHack SC2 Masters 2020 Summer Europe

VOD

Have the link to the VOD?

Description

Time

  • Played on: July 3, 2020, 1:32 p.m.
  • Length: 12:11

All games in this series

Show
View Real Time Build Order
Export as new Build Order

Geralt Protoss - Winner!

Build Orders: 1 Gate Expand, Blink Stalkers 

Get SALT Encoding   

  12  0:00  Probe  
  13  0:12  Probe  
  14  0:17  Pylon  
  14  0:22  Probe  
  15  0:31  Probe  
  16  0:37  Gateway  
  16  0:40  Probe  
  16  0:46  Assimilator  
  17  0:52  Probe  
  18  1:05  Probe  
  19  1:17  Probe  
  20  1:24  Cybernetics Core  
  20  1:29  Probe  
  21  1:36  Nexus  
  21  1:44  Pylon, Probe  
  22  1:52  Stalker  
  22  1:54  Assimilator  
  22  1:56  Probe  
  23  2:04  Warp Gate  
  23  2:08  Probe  
  26  2:12  Stalker  
  26  2:20  Probe  
  29  2:32  Probe  
  30  2:38  Twilight Council  
  30  2:44  Probe  
  30  2:45  Pylon  
  33  2:52  Probe  
  33  2:53  Blink  
  33  2:56  Probe  
  33  3:04  Probe  
  33  3:05  Probe  
  35  3:15  Probe  
  35  3:16  Gateway, Probe  
  35  3:18  Gateway  
  37  3:26  Probe  
  37  3:28  Probe  
  39  3:36  Robotics Facility  
  39  3:38  Probe  
  39  3:40  Probe  
  41  3:46  Shield Battery  
  41  3:50  Assimilator, Probe  
  41  3:54  Stalker  
  44  3:56  Assimilator  
  44  3:57  Pylon, Probe  
  45  4:03  Probe  
  45  4:04  Pylon  
  47  4:10  Probe  
  47  4:15  Probe  
  47  4:16  Stalker x2  
  52  4:17  Stalker  
  52  4:23  Observer  
  55  4:26  Probe  
  56  4:31  Pylon  
  56  4:33  Probe  
  56  4:38  Probe  
  58  4:41  Stalker x3  
  58  4:45  Observer  
  65  4:59  Probe  
  66  5:06  Observer, Probe  
  68  5:09  Stalker x3  
  74  5:15  Nexus  
  74  5:16  Probe  
  74  5:19  Forge  
  75  5:22  Robotics Bay  
  75  5:28  Probe  
  76  5:35  Pylon  
  76  5:37  Pylon  
  74  5:50  Stalker  
  74  5:51  Stalker  
  82  6:04  Colossus  
  82  6:05  Protoss Ground Weapons Level 1  
  80  6:12  Stalker  
  80  6:15  Extended Thermal Lance  
  80  6:16  Probe  
  83  6:20  Probe  
  83  6:25  Charge  
  84  6:28  Probe  
  84  6:29  Gateway x2, Probe  
  84  6:31  Gateway  
  84  6:32  Probe  
  87  6:40  Probe  
  87  6:41  Probe  
  87  6:44  Probe  
  87  6:45  Gateway  
  90  6:48  Gateway  
  90  6:51  Colossus  
  90  6:52  Probe  
  90  6:53  Probe  
  92  6:56  Probe, Pylon  
  99  7:03  Pylon  
  99  7:04  Probe  
  99  7:05  Probe  
  101  7:08  Probe  
  101  7:10  Pylon  
  101  7:11  Templar Archives  
  100  7:16  Probe  
  100  7:17  Probe  
  100  7:20  Shield Battery, Probe  
  103  7:29  Probe  
  105  7:30  Probe  
  105  7:32  Assimilator, Probe  
  105  7:34  Pylon  
  105  7:36  Colossus, Assimilator, Pylon  
  106  7:41  Probe  
  106  7:42  Probe  
  106  7:44  Shield Battery, Probe  
  115  7:53  Probe  
  115  7:54  Probe  
  115  7:55  Protoss Ground Armor Level 1  
  117  7:59  Zealot x5  
  117  8:00  Psionic Storm  
  117  8:03  Zealot  
  117  8:05  Zealot  
  131  8:10  Probe  
  132  8:15  Pylon  
  132  8:20  Stalker  
  132  8:22  Warp Prism, Probe  
  132  8:23  High Templar x3  
  141  8:29  Pylon  
  141  8:30  Pylon  
  143  8:34  High Templar  
  145  8:41  Zealot x3  
  145  8:44  Stalker  
  147  8:53  Photon Cannon  
  147  8:54  Photon Cannon  
  148  8:56  Photon Cannon  
  145  9:03  Nexus  
  145  9:06  Disruptor  
  145  9:07  Pylon  
  145  9:10  High Templar x2  
  145  9:12  Zealot x3  
  158  9:18  Gravitic Drive  
  158  9:24  Pylon  
  158  9:26  Zealot x2  
  158  9:27  Probe  
  158  9:28  Unknown  
  162  9:48  Probe  
  162  9:49  Probe  
  162  9:51  Forge  
  162  9:52  Zealot x5  
  174  9:54  Observer  
  174  10:02  Probe  
  176  10:12  Zealot x3  
  176  10:13  Zealot x3  
  188  10:19  Photon Cannon  
  188  10:20  Shield Battery, Probe x2  
  190  10:21  Probe  
  191  10:31  Gateway  
  191  10:36  Gateway  
  191  10:44  Stalker x3  
  195  10:56  Disruptor  
  188  11:04  Zealot x5  
  194  11:13  Probe  
  191  11:18  Zealot x2  
  191  11:19  Zealot  
  169  11:32  Zealot x7  
  145  11:33  Disruptor  
  131  11:41  Archon  
  134  11:53  Stalker x10  
  154  11:59  Nexus  
Show
View Real Time Build Order
Export as new Build Order

BratOK Terran 

Build Orders: Banshee Rush 

Get SALT Encoding   

  12  0:00  SCV  
  13  0:13  SCV  
  14  0:17  Supply Depot  
  14  0:25  SCV  
  15  0:38  SCV  
  15  0:39  Barracks  
  16  0:43  Refinery  
  16  0:50  SCV  
  17  1:03  SCV  
  18  1:15  SCV  
  19  1:26  Marine  
  19  1:27  Orbital Command  
  20  1:40  Command Center  
  20  1:44  Barracks Reactor  
  20  1:52  Supply Depot  
  20  1:54  SCV  
  21  2:05  Factory  
  21  2:06  SCV  
  22  2:19  Bunker  
  22  2:20  SCV  
  22  2:22  Refinery  
  23  2:23  Marine  
  23  2:24  Marine  
  25  2:32  SCV  
  26  2:41  Marine  
  26  2:42  Marine  
  28  2:44  SCV  
  28  2:50  Widow Mine  
  31  2:53  Starport  
  31  2:58  Orbital Command  
  31  3:03  SCV  
  31  3:04  Marine  
  33  3:05  Marine  
  33  3:11  Factory Tech Lab  
  34  3:15  SCV  
  35  3:22  Marine  
  35  3:23  Marine  
  35  3:24  SCV  
  38  3:27  SCV  
  39  3:38  SCV  
  39  3:39  SCV  
  39  3:40  Factory Tech Lab  
  41  3:41  Supply Depot, Cloaking Field  
  41  3:44  Banshee  
  44  3:55  SCV x2  
  46  4:01  Supply Depot  
  46  4:03  Marine x2  
  46  4:05  Siege Tank  
  46  4:08  SCV x2  
  52  4:20  SCV  
  52  4:21  SCV  
  54  4:24  Marine  
  54  4:25  Marine  
  54  4:26  Supply Depot  
  54  4:28  Banshee  
  59  4:32  SCV  
  59  4:34  SCV  
  59  4:38  Barracks  
  61  4:42  Barracks  
  61  4:47  Siege Tank  
  61  4:50  Supply Depot  
  64  4:55  Marine  
  64  4:56  Marine  
  64  4:58  SCV x2  
  68  5:07  Supply Depot  
  68  5:09  Refinery  
  68  5:10  SCV  
  68  5:13  Marine x2  
  71  5:22  Siege Tank, Banshee  
  71  5:26  Supply Depot  
  77  5:31  Marine x2, SCV x2  
  77  5:34  Supply Depot  
  76  5:45  Barracks Tech Lab x2  
  76  5:46  SCV x2  
  74  5:51  Command Center  
  74  6:04  Marine, SCV x2  
  76  6:05  Marauder x2, Marine  
  76  6:06  Stimpack  
  82  6:14  Refinery  
  82  6:16  SCV  
  83  6:19  SCV  
  83  6:23  Engineering Bay  
  83  6:24  Engineering Bay  
  84  6:27  Combat Shield  
  84  6:28  SCV  
  84  6:31  Starport Reactor  
  84  6:32  SCV  
  86  6:34  Barracks  
  86  6:35  Marauder  
  86  6:38  Barracks  
  88  6:40  SCV  
  88  6:46  Siege Tank  
  92  6:48  Supply Depot  
  92  6:49  SCV  
  92  6:52  Missile Turret  
  93  6:56  Terran Infantry Weapons Level 1, Terran Infantry Armor Level 1  
  93  6:57  Marine  
  93  6:58  Marauder x2  
  98  7:04  Supply Depot  
  98  7:09  Medivac  
  98  7:11  SCV  
  98  7:13  Orbital Command, SCV  
  102  7:22  Marauder x3, Marine x2  
  107  7:37  Barracks Reactor  
  107  7:42  Medivac  
  107  7:43  Marauder x2, Marine  
  107  7:44  Marauder  
  116  7:46  Orbital Command  
  116  7:48  Concussive Shells  
  116  7:49  Supply Depot x2  
  116  7:56  Marine  
  120  8:01  Marine, SCV x2  
  120  8:04  Marauder  
  120  8:05  Marauder  
  127  8:08  Marauder  
  126  8:13  SCV  
  126  8:14  Marine  
  126  8:16  Factory Reactor  
  126  8:18  Supply Depot  
  126  8:19  Armory  
  128  8:20  Supply Depot  
  128  8:21  SCV x2  
  128  8:25  SCV  
  128  8:26  Marauder  
  133  8:30  Supply Depot  
  133  8:31  Medivac  
  133  8:33  SCV x2  
  137  8:34  Supply Depot  
  137  8:36  Ghost Academy  
  137  8:42  Marauder x2, Marine  
  142  8:50  Marine  
  142  8:51  Marauder  
  145  8:58  SCV x2  
  147  9:04  Marauder  
  147  9:06  Terran Infantry Weapons Level 2, Supply Depot  
  147  9:07  Terran Infantry Armor Level 2  
  147  9:08  Supply Depot  
  147  9:09  Marine x4  
  153  9:18  SCV  
  153  9:21  Supply Depot  
  153  9:22  Supply Depot  
  153  9:23  Ghost x2  
  155  9:34  Barracks, Missile Turret  
  155  9:35  Barracks x2  
  155  9:36  Missile Turret  
  155  9:38  Missile Turret  
  155  9:45  Barracks  
  154  9:46  Barracks  
  154  9:49  Barracks  
  154  9:50  Enhanced Shockwaves  
  154  9:51  Ghost  
  156  9:56  Marauder x2, Marine x4  
  161  10:14  Marine x3  
  161  10:15  Marine  
  161  10:18  Marauder x2  
  161  10:19  Refinery  
  161  10:20  Refinery, Marauder  
  171  10:32  Marine x2, Command Center  
  173  10:39  Marauder  
  173  10:40  Marauder, Barracks Reactor, Barracks Tech Lab x2  
  173  10:42  Marauder  
  179  10:49  Marine  
  179  10:50  Marine x3  
  175  11:00  Marauder  
  175  11:01  Marine  
  175  11:03  Marine  
  175  11:04  Marauder x2  
  181  11:07  Marine x4  
  176  11:18  Marine x2  
  176  11:19  Marine  
  176  11:20  Marine  
  176  11:21  Marine  
  176  11:24  Marine  
  176  11:25  Marine x5  
  115  11:36  Marine x3  
  115  11:38  Marine  
  99  11:40  Marauder  
  99  11:43  Marauder x2, Marine x4  
  98  11:50  Widow Mine x2  
Tags
 
Add a new tag
Caveats
  • Supply blocks, unpowered buildings, or Contaminate may cause inaccurate times.
  • Supply counts are checked every 10 seconds.